 Dungeon Crawl Stone Soup version 0.31.0-11-ge490571c62 (webtiles) character file.

Game seed: 3202191372893442843

182 qw the Shooter (level 5, -2/26 HPs)
             Began as a Spriggan Hunter on Feb 4, 2024.
             Slain by a ribbon worm (6 damage)
             ... on level 3 of the Dungeon.
             The game lasted 00:00:20 (1609 turns).

qw the Shooter (Spriggan Hunter)                    Turns: 1609, Time: 00:00:20

Health: -2/26      AC:  2    Str:  7    XL:     5   Next: 34%
Magic:  6/6        EV: 10    Int: 10    God:
Gold:   89         SH:  0    Dex: 21    Spells: 4/4 levels left

rFire   . . .        a - +0 shortbow
rCold   . . .        (shield currently unavailable)
rNeg    . . .        c - +0 robe
rPois   .            (helmet restricted)
rElec   .            (no cloak)
rCorr   .            (gloves unavailable)
SInv    +            (boots unavailable)
Will    .....        (no amulet)
Stlth   ++           (no ring)
HPRegen 0.24/turn    (no ring)
MPRegen 0.10/turn

%: no passive effects
@: held, very quick
A: very small, no large weapons, unfitting armour, see invisible, speed 3
a: no special abilities


You were on level 3 of the Dungeon.
You visited 1 branch of the dungeon, and saw 3 of its levels.

You collected 89 gold pieces.


Innate Abilities, Weirdness & Mutations

You are very small and have problems with some larger weapons.
You are too small for most types of armour.
You have supernaturally acute eyesight. (SInv)
You cover ground extremely quickly. (Speed+++)


   Skills:
 - Level 2.0 Fighting
 + Level 5.5 Ranged Weapons
 - Level 5.1 Dodging
 - Level 1.5 Stealth


You had 4 spell levels left.
You didn't know any spells.
Your spell library was empty.

Inventory:

Hand Weapons
 a - a +0 shortbow (weapon)
Armour
 c - a +0 robe (worn)
Wands
 g - a wand of iceblast (5)
Scrolls
 b - a scroll of teleportation {unknown}
 e - a scroll of fear {unknown}
Potions
 d - a potion of mutation
 f - a potion of curing {unknown}
 h - a potion of haste {unknown}

Dungeon Overview and Level Annotations

Branches:
Dungeon (3/15)

Altars:
Ru


Message History

You kill the adder!
A ribbon worm comes into view.
You shoot an arrow. The arrow hits the endoplasm.
The endoplasm is lightly wounded.
You shoot an arrow. The arrow barely misses the endoplasm.
You shoot an arrow. The arrow hits the endoplasm!
You kill the endoplasm!
A ribbon worm comes into view.
You shoot an arrow. The arrow hits the ribbon worm!
The ribbon worm is heavily wounded.
You shoot an arrow.
The arrow hits the rat but does no damage.
You shoot an arrow. The arrow hits the rat.
The rat is moderately wounded.
The rat closely misses you.
You shoot an arrow. The arrow hits the rat.
You kill the rat!
You shoot an arrow. The arrow hits the ribbon worm.
The ribbon worm is heavily wounded.
You shoot an arrow.
The arrow barely misses the ribbon worm.
You shoot an arrow.
The arrow barely misses the ribbon worm.
The ribbon worm expels a string of sticky webbing.
The stream of webbing hits you but does no damage.
You are caught in a web!
The ribbon worm bites you. x2
The ribbon worm barely misses you. The ribbon worm bites you.
The ribbon worm expels a string of sticky webbing.
The stream of webbing hits you but does no damage.
You are even more entangled.
The ribbon worm bites you. The ribbon worm closely misses you.
The ribbon worm expels a string of sticky webbing.
The stream of webbing hits you but does no damage.
You are even more entangled.
The ribbon worm closely misses you. The ribbon worm barely misses you.
The ribbon worm bites you. x2
The ribbon worm barely misses you. The ribbon worm closely misses you.
The ribbon worm bites you.
You die...

#.# #.#
###.# #...#
#.### #.#
#.# #.####
#@...#
.....www...#
...~~#######
..~~ ... ..
.


You could see 3 ribbon worms.

Vanquished Creatures
  An orc priest (D:3)
  An orc wizard (D:3)
  A gnoll (D:1)
  6 adders (D:3)
  A river rat (D:3)
  4 ribbon worms (D:2)
  A dart slug (D:2)
  An orc (D:3)
  4 endoplasms
  A giant cockroach (D:3)
  3 goblins
  6 hobgoblins
  4 jackals
  A quokka (D:3)
  7 ball pythons
  3 bats
  5 rats
50 creatures vanquished.

Notes
Turn   | Place    | Note
-------+----------+-------------------------------------------
     0 | D:1      | qw the Spriggan Hunter began the quest for the Orb.
     0 | D:1      | Reached XP level 1. HP: 10/10 MP: 2/2
     0 | D:1      | 0 ||| qw: Version: 0.3-a-160-g6735b56
     0 | D:1      | 0 ||| qw: Game counter: 5926
     0 | D:1      | 0 ||| qw: Melee chars always use a shield: true
     0 | D:1      | 0 ||| qw: God list: Okawaru
     0 | D:1      | 0 ||| qw: Allow faded altars: false
     0 | D:1      | 0 ||| qw: Do Orc after clearing Dungeon:15 true
     0 | D:1      | 0 ||| qw: Do second Lair branch before Depths: true
     0 | D:1      | 0 ||| qw: Lair rune preference: random
     0 | D:1      | 0 ||| qw: Goals: Normal
     0 | D:1      | 0 ||| PLANNING D:1-11
   113 | D:1      | Reached skill level 3 in Dodging
   332 | D:1      | Reached XP level 2. HP: 14/14 MP: 3/3
   636 | D:1      | 636 ||| READING scroll labelled LIPOIB PETUSU.
   637 | D:1      | 637 ||| DROPPING scroll of butterflies.
   684 | D:2      | 684 ||| STAIRDANCE
   722 | D:2      | Identified the +4 mace of Quantum Leap {holy, Will- Str+6
                  | Int+2}
   808 | D:2      | Reached XP level 3. HP: 18/18 MP: 4/4
  1068 | D:2      | 1068 ||| READING scroll labelled XALIGYDASM.
  1068 | D:2      | 1068 ||| IDENTIFYING black potion
  1069 | D:2      | 1069 ||| READING scroll labelled PEAK LOBLOYPN.
  1091 | D:3      | 1091 ||| PLANNING SEWER
  1164 | D:3      | Reached XP level 4. HP: 22/22 MP: 5/5
  1170 | D:3      | 1170 ||| DRINKING fizzy red potion.
  1456 | D:3      | Reached XP level 5. HP: 26/26 MP: 6/6
  1551 | D:3      | Found a sacrificial altar of Ru.
  1607 | D:3      | HP: 6/26 [ribbon worm (5)]
  1609 | D:3      | Slain by a ribbon worm

Levels and vault maps discovered:
D:1:      eino_arrival_cavern_d, layout_loops_ring, eino_curves_01
D:2:      layout_rooms
D:3:      layout_loops_ring, mainiacjoe_overflow_catwalk,
          lightli_sewer_entry_pipes

Skill      XL: |  1  2  3  4  5 |
---------------+----------------+-----
Dodging        | 4 5 |  5.1
Ranged Weapons | 5 |  5.5
Fighting       | 2 |  2.0
Stealth        | |  1.5

Action                     |  1- 3 |  4- 6 || total
---------------------------+-------+-------++-------
   Fire: Shortbow          |    82 |    67 ||   149
    Use: Scroll            |     3 |       ||     3
         Potion            |       |     1 ||     1
 Armour: Robe              |     8 |    13 ||    21
  Dodge: Dodged            |    11 |    38 ||    49

Table legend:
 A = Non-vault XP
 B = Vault XP
 C = Vault XP percentage of total XP
 D = Non-vault monster count
 E = Vault monster count
 F = Vault count percentage of total count
                 A         B        C        D         E       F
            +---------+---------+-------+---------+---------+-------
      Total |     234 |      26 |  10.0 |      48 |       2 |   4.0
            +---------+---------+-------+---------+---------+-------
        D:1 |      28 |       0 |   0.0 |      10 |       0 |   0.0
        D:2 |      37 |       0 |   0.0 |      15 |       0 |   0.0
        D:3 |     169 |      26 |  13.3 |      23 |       2 |   8.0
            +---------+---------+-------+---------+---------+-------
